 Dungeon Crawl Stone Soup version 0.32-a0-422-g28b100f618 (webtiles) character file.

Game seed: 6507717326502122665

198 horus123 the Slasher (level 5, 0/38 HPs)
             Began as a Coglin Gladiator on Feb 22, 2024.
             Killed by divine providence
             ... invoked by an orc priest
              (15 damage)
             ... on level 4 of the Dungeon.
             The game lasted 00:07:20 (2881 turns).

horus123 the Slasher (Coglin Gladiator)             Turns: 2881, Time: 00:07:21

Health: 0/38       AC:  9    Str: 15    XL:     5   Next: 76%
Magic:  5/5        EV: 11    Int:  9    God:
Gold:   150        SH:  0    Dex: 19    Spells: 4/4 levels left

rFire   . . .        r - +7 whip of the Mushroom {drain, rPois Int+2 Dex-3}
rCold   . . .        q - +0 falchion (distort) {Yejun}
rNeg    . . .        t - +0 ring mail "Rodderoz" {Dex+2}
rPois   +            g - +1 helmet "Noarante" {rPois Dex+3}
rElec   .            (no cloak)
rCorr   .            m - +1 pair of gloves
SInv    .            (no boots)
Will    .....        (no amulet)
Stlth   +            (no ring)
HPRegen 0.26/turn    (no ring)
MPRegen 0.09/turn

%: no passive effects
@: immotile, revving
A: off-hand wielding, slow wielding, warmup strikes, legs shutdown
a: Convert to Beogh


You were on level 4 of the Dungeon.
You visited 1 branch of the dungeon, and saw 4 of its levels.

You collected 150 gold pieces.

Inventory:

Hand Weapons
 a - a +0 long sword {Clara}
 q - a +0 falchion of distortion (offhand) {Yejun}
 r - the +7 whip of the Mushroom (weapon) {drain, rPois Int+2 Dex-3}
   (You found it on level 3 of the Dungeon)

   Int+2:     It affects your intelligence (+2).
   Dex-3:     It affects your dexterity (-3).
   rPois:     It protects you from poison
Missiles
 d - 3 throwing nets (quivered)
 e - a javelin
Armour
 g - the +1 helmet "Noarante" (worn) {rPois Dex+3}
   (You found it on level 3 of the Dungeon)

   Dex+3:     It affects your dexterity (+3).
   rPois:     It protects you from poison
 m - a +1 pair of gloves (worn)
 o - a +0 tower shield
 t - the +0 ring mail "Rodderoz" (worn) {Dex+2}
   (You found it on level 3 of the Dungeon)

   Dex+2:     It affects your dexterity (+2).
Scrolls
 f - a scroll of teleportation
 p - a scroll of blinking
Potions
 h - a potion of heal wounds {unknown}
 j - a potion of brilliance {unknown}
 k - 3 potions of mutation {unknown}
 s - a potion of curing {unknown}


   Skills:
 - Level 2.0 Fighting
 + Level 6.2 Long Blades
 - Level 1.7 Throwing
 - Level 2.6 Dodging


You had 4 spell levels left.
You didn't know any spells.
Your spell library contained the following spells:

 Spells                   Type           Power      Damage    Failure   Level
 Call Imp                 Summ           0%         N/A       77%         2
 Sublimation of Blood     Necr           0%         N/A       77%         2
 Fugue of the Fallen      Necr           0%         N/A       94%         3
 Ozocubu's Armour         Ice            0%         N/A       94%         3
 Manifold Assault         Tloc           0%         N/A       100%        4
 Summon Hydra             Summ           0%         N/A       100%        7


Dungeon Overview and Level Annotations

Branches:
Dungeon (4/15)
 Temple: D:4-7

Altars:


Innate Abilities, Weirdness & Mutations

You can wield a second weapon in your off-hand.
It takes a long time for you to wield or remove held weapons.
Your first few attacks do less damage.
Attacking and casting redirects power from your legs.


Message History

The orc priest looks encouraged for a moment.
The white imp gestures at you. The puff of frost hits you.
The orc wizard casts a spell.
The orc wizard flickers and vanishes!
Deactivating autopickup; reactivate with Ctrl-A.
There is a stone staircase leading up here.
The orc hits you with a +0 short sword.
The orc priest shouts, "The Pantheon deserves no one's loyalty.
Let us show you the true path!"
You slash the orc with your +0 falchion of distortion!
You kill the orc!
The white imp gestures at you.
The puff of frost hits something!
You cannot move.
Unknown command.
You cannot move.
You cannot move.
You cannot move.
You cannot move.
Hit: r) +7 whip of the Mushroom {drain, rPois Int+2 Dex-3}
Press: ? - help, Dir - move target You swing at nothing.
You are no longer unable to travel.
Hit: r) +7 whip of the Mushroom {drain, rPois Int+2 Dex-3}
Press: ? - help, Dir - move target You barely miss something with your +0 falchion of distortion.
You miss something with the +7 whip of the Mushroom.
Something hits you but does no damage.
Hit: r) +7 whip of the Mushroom {drain, rPois Int+2 Dex-3}
Press: ? - help, Dir - move target
Okay, then.
You are no longer unable to travel.
Something barely misses you.
You hit something with your +0 falchion of distortion.
Reactivating autopickup.
You feel a bit more experienced.
The white imp picks up a beetle and eats it.
The orc priest invokes the aid of Beogh against you.
Beogh smites you!
You die...

### ..# #.#
#.# #.# #.#
#.# #@#
#5## #o.#
##o## #.o.#
#.....#
........#
...$.5....#
##...o...##


You could see 2 orc priests, a white imp and an orc.

Vanquished Creatures
  A scorpion (D:3)
  2 adders
  A ribbon worm (D:2)
  2 dart slugs
  8 orcs
  8 endoplasms
  A giant cockroach (D:1)
  7 goblins
  2 jackals (D:1)
  4 kobolds
  3 quokkas (D:1)
  4 ball pythons
  9 bats
  3 frilled lizards
  4 rats
59 creatures vanquished.

Notes
Turn   | Place    | Note
-------+----------+-------------------------------------------
     0 | D:1      | horus123 the Coglin Gladiator began the quest for the Orb.
     0 | D:1      | Reached XP level 1. HP: 16/16 MP: 1/1
   133 | D:1      | Reached XP level 2. HP: 20/22 MP: 2/2
   411 | D:1      | Reached skill level 4 in Long Blades
   447 | D:1      | Reached XP level 3. HP: 27/27 MP: 3/3
   963 | D:2      | Reached XP level 4. HP: 30/33 MP: 4/4
  1109 | D:2      | Identified the +1 chain mail of Peek-a-Boo {Rampage Str+3
                  | Dex-3 SInv}
  1128 | D:2      | Reached skill level 5 in Long Blades
  2153 | D:3      | Identified the +7 whip of the Mushroom {drain, rPois Int+2
                  | Dex-3}
  2158 | D:3      | Identified the +1 helmet "Noarante" {rPois Dex+3}
  2206 | D:3      | Noticed a scorpion
  2215 | D:3      | Killed a scorpion
  2216 | D:3      | Reached XP level 5. HP: 34/38 MP: 5/5
  2412 | D:3      | Identified the +0 ring mail "Rodderoz" {Dex+2}
  2443 | D:3      | Reached skill level 6 in Long Blades
  2881 | D:4      | Killed from afar by an orc priest

Illustrated notes

Levels and vault maps discovered:
D:1:      dpeg_arrival_fog, layout_loops_ring
D:2:      layout_basic
D:3:      layout_rooms
D:4:      layout_loops_corners, okawaru_ov_weapons_minmay, minmay_rat_hole,
          uniq_crazy_yiuf_cottage, uniq_blork_the_orc, uniq_menkaure, uniq_pikel

Skill      XL: |  1  2  3  4  5 |
---------------+----------------+-----
Long Blades    | 4 5 6 |  6.2
Fighting       | |  2.0
Throwing       | |  1.7
Dodging        | |  2.6

Action                     |  1- 3 |  4- 6 || total
---------------------------+-------+-------++-------
  Melee: Long sword        |    62 |    32 ||    94
         Short sword       |    33 |    17 ||    50
         Falchion          |       |    27 ||    27
         Whip              |       |    19 ||    19
    Use: Scroll            |       |     4 ||     4
   Stab: Sleeping          |     4 |       ||     4
 Armour: Leather armour    |    22 |    11 ||    33
         Ring mail         |       |    24 ||    24
  Dodge: Dodged            |    40 |    29 ||    69
  Block: Tower shield      |       |     3 ||     3

Table legend: (Time is in decaauts)
 A = Elapsed time spent in this place.
 B = Non-inter-level travel time spent in this place.
 C = Inter-level travel time spent in this place.
 D = Time resting spent in this place.
 E = Time spent auto-exploring this place.
 F = Levels seen in this place.
 G = Mean time per level.
                   A        B        C        D        E       F      G
               +--------+--------+--------+--------+--------+-----+--------+
         Total |   2890 |   2806 |     84 |    837 |   1455 |   4 |  722.5 |
       Dungeon |   2890 |   2806 |     84 |    837 |   1455 |   4 |  722.5 |
               +--------+--------+--------+--------+--------+-----+--------+

Top non-repeatable levels by time:
     D:2: 1242 daAuts
     D:1: 838 daAuts
     D:3: 793 daAuts
     D:4: 15 daAuts
